[Event "34th GER-ch Seniors-65 2022"]
[Site "Magdeburg"]
[Date "2022.08.18"]
[Round "7.5"]
[White "Matthey, Harald"]
[Black "Buchal, Stephan"]
[Result "0-1"]
[ECO "B07"]
[WhiteElo "2062"]
[BlackElo "2230"]
[Annotator "TA"]
[PlyCount "49"]
[EventDate "2022.08.12"]
[EventType "swiss"]
[EventCountry "GER"]
[SourceTitle "playchess.com"]
[Source "ChessBase"]
[SourceQuality "1"]
[TimeControl "40/5400+30:1800+30"]

1. e4 g6 2. d4 Bg7 3. Nc3 d6 4. g3 Nf6 5. Bg2 O-O 6. Nge2 e5 7. h3 c6 8. O-O b5 $1 {[%emt 0:03:09] 8...b5 scores better than 8...Nbd7.} 9. a3 Bb7 10. Bg5 {[%emt 0:06:50] B07: Pirc Defence: Miscellaneous Systems.} Nbd7 {[%emt 0:12:58] [#]} 11. Kh2 $146 {[%emt 0:14:33] [#]} (11. dxe5 $11 dxe5 12. Nc1) ({Predecessor:} 11. d5 cxd5 12. Nxd5 Bxd5 13. exd5 Qc7 14. Nc3 a6 15. Kh2 Nb6 16. Qe2 Nfd7 17. a4 b4 {0-1 (32) Boguslawski,O (2445)-Kasimdzhanov,R (2690) Germany 2013}) 11... Ng4+ $1 $17 12. hxg4 {[%emt 0:02:37] Black is clearly better.} Qxg5 13. f4 {[%emt 0:11:12] [#]} exf4 (13... Qxg4 14. dxe5 dxe5 15. Bh3 $11) 14. gxf4 Qxg4 15. Qe1 Qh5+ ({Better is} 15... Nb6 $19 16. b3 a5) 16. Kg3 g5 {[%emt 0:05:04] aiming for ...f5. Black is more active.} 17. Bh3 (17. Rh1 $17 Qg6 18. Qd2) 17... Nf6 {[%emt 0:04:14] Dancing on a razor blade.} (17... f5 $1 $19 {Hoping for ...c5.} 18. Rh1 gxf4+ 19. Kf2 Qe8 20. Nxf4 Bxd4+ 21. Kf1 fxe4) 18. fxg5 (18. Rh1 $17) 18... Qxg5+ $19 ({Stronger than} 18... Bc8 19. Bxc8 Qxg5+ 20. Kh3 Raxc8 21. Rg1 Qh5+ 22. Qh4 $15) 19. Kh2 Bc8 20. Bxc8 Raxc8 ({And not} 20... Rfxc8 21. Qg3 Qh6+ 22. Qh3 $17) 21. Rf5 (21. Qg3 $142 Qh6+ 22. Qh3) 21... Qh6+ 22. Kg2 Ng4 {[%emt 0:09:54] And now ...Ne3+ would win.} ({Weaker is} 22... b4 23. axb4 Ng4 24. Nf4 Bxd4 25. Qg3 $17) 23. Nf4 {[%emt 0:00:26] Threatens to win with Qg3.} Bxd4 24. Kf3 (24. Qg3 Qg7 25. Kh3 Nf2+ 26. Kg2 Qxg3+ 27. Kxg3) 24... Ne5+ 25. Kg3 {[%emt 0:03:03] Weighted Error Value: White=0.67/Black=0.16 (very precise)} 0-1

[Event "34th GER-ch Seniors-65 2022"]
[Site "Magdeburg"]
[Date "2022.08.18"]
[Round "7.7"]
[White "Schmidt, Gerhard"]
[Black "Koehler, Gerhard"]
[Result "1/2-1/2"]
[ECO "B41"]
[WhiteElo "2100"]
[BlackElo "2184"]
[Annotator "TA"]
[PlyCount "70"]
[EventDate "2022.08.12"]
[EventType "swiss"]
[EventCountry "GER"]
[SourceTitle "playchess.com"]
[Source "ChessBase"]
[SourceQuality "1"]
[TimeControl "40/5400+30:1800+30"]

1. e4 c5 2. Nf3 e6 3. d4 cxd4 4. Nxd4 a6 5. c4 Nf6 6. Nc3 Qc7 7. Be2 Bb4 8. Nc2 Be7 {[%emt 0:02:31] B41: Sicilian: Kan Variation: 5 c4.} 9. f4 {[%emt 0:01:21] 9.Be3 is becoming the main line.} d6 {[%emt 0:01:00] Prevents e5.} 10. Be3 b6 {[%emt 0:01:37] White is slightly better.} 11. O-O Bb7 12. Bf3 Nbd7 13. Nd4 {[%emt 0:00:33] [#]} Nc5 $146 ({Predecessor:} 13... Rc8 14. Rc1 Nc5 15. Qc2 Qb8 16. b4 Ncd7 17. Qe2 g6 18. a3 O-O 19. Nb3 Rfe8 {½-½ (63) Backelin,R (2310)-Akesson,R (2465) Borlange 1995}) 14. Qc2 Rc8 15. Rad1 {[%emt 0:04:40] White is more active. White now steadily converts the win.} O-O {[%emt 0:08:13] [#]} 16. g4 $1 d5 $2 (16... Ne8 $16) 17. exd5 $18 exd5 18. cxd5 Bd6 19. Nf5 Rfe8 (19... Ne8 $142 20. g5 Bxf4) 20. Bd4 Nce4 {[%emt 0:03:52] [#]} 21. Nxg7 $1 Kxg7 22. Bxe4 Bc5 23. Qd2 Kg8 24. Bf3 Rcd8 25. Bxc5 Qxc5+ 26. Qd4 Qxd4+ 27. Rxd4 Re7 28. Rfd1 Red7 29. Kf2 Ne8 30. Kg3 b5 31. g5 Nd6 32. Kg4 {[%emt 0:00:51] Prevents Nf5.} Rc7 (32... Bc8 {keeps fighting.} 33. Kh5 Re7) 33. f5 {[%emt 0:00:26] Ne4 is the strong threat.} Nc4 $2 (33... Bc8 $16) 34. Re1 Nxb2 35. Ne4 Kg7 {[%emt 0:02:27][%mdl 32768] Weighted Error Value: White=0.17 (very precise) /Black=0.33. An unexpected result.} 1/2-1/2

[Event "34th GER-ch Seniors-65 2022"]
[Site "Magdeburg"]
[Date "2022.08.18"]
[Round "7.8"]
[White "Cichy, Michael"]
[Black "Beilfuss, Wilfried"]
[Result "1/2-1/2"]
[ECO "D38"]
[WhiteElo "2031"]
[BlackElo "2154"]
[Annotator "TA"]
[PlyCount "32"]
[EventDate "2022.08.12"]
[EventType "swiss"]
[EventCountry "GER"]
[SourceTitle "playchess.com"]
[Source "ChessBase"]
[SourceQuality "1"]
[TimeControl "40/5400+30:1800+30"]

1. d4 Nf6 2. Nf3 e6 3. c4 d5 4. Nc3 Bb4 5. Qa4+ Nc6 6. e3 O-O 7. Bd2 dxc4 {D38: Queen's Gambit Declined: Ragozin Defence (4 Nf3 Bb4).} 8. Bxc4 Bd6 9. Rd1 e5 10. d5 Ne7 11. e4 {[%emt 0:00:00] Prevents Bf5.} Bg4 12. Be2 $1 {[%emt 0:00:00] [#]} c6 $146 ({Predecessor:} 12... Ng6 13. h3 Bxf3 14. Bxf3 Nh4 15. Ke2 Nd7 16. g3 Nxf3 17. Kxf3 f5 18. exf5 Rxf5+ {½-½ (33) Istratescu,A (2565)-Parligras,M (2645) Bucharest 2018}) 13. Bg5 ({White should try} 13. dxc6 $11 Nxc6 14. Be3) 13... cxd5 (13... b5 $15 14. Qc2 b4 15. Bxf6 gxf6) 14. Bxf6 (14. exd5 $142 Bf5 15. O-O) 14... gxf6 $11 15. exd5 f5 16. O-O Qb6 {[%emt 0:00:00] An interesting draw.  Weighted Error Value: White=0.18 (very precise) /Black=0.14 (very precise)} 1/2-1/2

[Event "34th GER-ch Seniors-65 2022"]
[Site "Magdeburg"]
[Date "2022.08.18"]
[Round "7.9"]
[White "Knaak, Joachim"]
[Black "Pueschel, Werner"]
[Result "0-1"]
[ECO "A43"]
[WhiteElo "2142"]
[BlackElo "2034"]
[Annotator "TA"]
[PlyCount "84"]
[EventDate "2022.08.12"]
[EventType "swiss"]
[EventCountry "GER"]
[SourceTitle "playchess.com"]
[Source "ChessBase"]
[SourceQuality "1"]
[TimeControl "40/5400+30:1800+30"]

1. d4 c5 2. d5 Nf6 3. Nc3 d6 4. e4 g6 5. f4 Bg7 6. Bb5+ Nfd7 7. a4 O-O {[%emt 0:01:04] A43: Schmid Benoni.} 8. Nf3 a6 9. Be2 Qc7 (9... a5 $142) 10. O-O $16 b6 ({Black should try} 10... Nf6) 11. Be3 Nf6 12. Nd2 Nbd7 {[%emt 0:03:44] [#]} 13. Nc4 $146 ({Predecessor:} 13. g4 Ne8 14. Qe1 Bd4 15. Qf2 Bg7 16. Qh4 Bxc3 17. bxc3 f6 18. c4 Rf7 19. Nf3 Nf8 20. e5 {1-0 (32) Van Mil,J (2422)-Tjiam,D (2358) Netherlands 2001}) 13... Bb7 14. Bf3 Rad8 15. Qd2 Bc8 (15... Ne8 $142) 16. Rae1 Ne8 17. Bf2 Bxc3 18. bxc3 b5 19. Ne3 Nb6 20. axb5 axb5 21. Rb1 Bd7 22. e5 (22. Bh4 $16 f6 23. Rfe1) 22... dxe5 $11 23. fxe5 Qxe5 24. c4 b4 25. Rfe1 (25. Bg3 Qg7 26. c3 bxc3 $15) 25... Qc7 26. c3 bxc3 ({But not} 26... Nd6 27. cxb4 Na4 28. b5 $16) 27. Qxc3 Na4 28. Qc2 Nd6 29. Bg4 f5 30. Be2 Ne4 {[%emt 0:01:24] Pair of Knights!} 31. Bf3 Nxf2 32. Kxf2 (32. Qxf2 $15 Nb6 33. Qh4) 32... Rb8 (32... Qxh2 $19 33. Nf1 Qh4+ 34. Kg1 Rb8) 33. Kg1 $17 Rxb1 34. Qxb1 Rb8 (34... Qf4 {keeps more tension.} 35. Qa1 Re8 36. Bd1 Nb6) 35. Qd3 Nb6 36. g3 Nc8 (36... Qd6 $17) 37. Ng2 $15 Qa5 ({Better is} 37... Rb2 $15) 38. h4 (38. Qe3 $11) 38... Rb2 (38... Qa2 $17 {And now ...Rb3 would win.} 39. Qe2 Qxe2 40. Bxe2 Nd6) 39. Qe3 $11 Qb4 40. Qe5 {[%emt 0:01:13][%cal Od5d6] aiming for d6!} Ra2 41. h5 (41. Nf4 $11) 41... Qb2 $15 42. Qc7 $2 {[%emt 0:01:18][%mdl 8192] [#]} (42. Qxb2 $15 Rxb2 43. Nf4) 42... Qf2+ {[%emt 0:00:38] Weighted Error Value: White=0.47/Black=0.20 (precise)} 0-1

[Event "34th GER-ch Seniors-65 2022"]
[Site "Magdeburg"]
[Date "2022.08.18"]
[Round "7.10"]
[White "Ehlert, Horst"]
[Black "Dekan, Hans"]
[Result "0-1"]
[ECO "A25"]
[WhiteElo "2011"]
[BlackElo "2104"]
[Annotator "TA"]
[PlyCount "117"]
[EventDate "2022.08.12"]
[EventType "swiss"]
[EventCountry "GER"]
[SourceTitle "playchess.com"]
[Source "ChessBase"]
[SourceQuality "1"]
[TimeControl "40/5400+30:1800+30"]

1. c4 e5 2. g3 Nf6 3. Bg2 Bc5 4. Nc3 Nc6 5. e3 O-O 6. a3 a5 7. Nge2 {[%emt 0:00:00] A25: English Opening vs King's Indian with ...Nc6 but without early d3.} Re8 8. d3 d6 9. O-O {[%emt 0:00:00] The position is equal.} Bg4 10. h3 Bf5 {[%emt 0:00:00] [#]} 11. Qc2 $146 ({Predecessor:} 11. b3 h6 12. Bb2 e4 13. d4 Ba7 14. g4 Bh7 15. Ng3 Nb8 16. b4 Nbd7 17. Qb3 {½-½ (37) Hoeffer,D (2265)-Pezerovic,E (2429) Bad Wiessee 2014}) 11... Qc8 12. Kh2 Ne7 13. Bd2 (13. e4 $5 Bg6 14. Na4 $11) 13... c6 14. Rac1 (14. f4 {looks sharper.} exf4 15. Nxf4 Ng6 16. e4) 14... Ba7 15. b4 axb4 16. axb4 h5 17. e4 Bd7 18. Be3 (18. f4 $1 $14) 18... Bxe3 $1 $15 19. fxe3 h4 ({Better is} 19... Qc7 $15) 20. Rf3 (20. gxh4 $11 Ng6 21. Ng3) 20... Ng6 21. Rcf1 Rf8 22. Rxf6 gxf6 23. Rxf6 (23. gxh4 $1 $15 Nxh4 24. Ng3) 23... Kg7 24. Rxd6 Rh8 25. g4 Bxg4 $2 26. Ng1 $2 (26. hxg4 $16 {is forced if you want to stay better. aiming for Ng1.} Qxg4 27. Qc1) 26... Be6 $19 27. c5 {[%emt 0:00:13] [#]} Qc7 $2 (27... Rd8 $1 $19 {[%cal Rd8d6] and Black stays clearly on top. ...Rxd6 is the strong threat.} 28. Rxd8 Qxd8) 28. d4 $17 Rhd8 $36 {[%emt 0:00:00][%mdl 2048] Threatens to win with ...exd4. White is under strong pressure.} 29. d5 Bc8 (29... Rxd6 30. cxd6 Qxd6 31. dxe6 $11) 30. Rxd8 Qxd8 31. d6 $2 (31. Nf3 $15) 31... Qg5 $19 32. Qd2 Bd7 33. Nce2 Ra3 34. Nc3 Qg3+ (34... Ra1 $2 35. Nge2 $19) 35. Kh1 Nf8 36. Qb2 Ra8 37. Nce2 Qg5 (37... Qxe3 $19 38. Qxe5+ Kg8) 38. Nf3 $17 {[%emt 0:00:18] [#]} Qf6 ({Don't play} 38... Qxe3 $6 39. Qxe5+ Kg8 40. Nf4 $11) 39. Kh2 ({Wrong is} 39. Nxe5 $2 Ng6 40. Qd4 Qxe5 $19) 39... Ng6 40. Neg1 (40. Nc1 $142) 40... Qe6 $19 41. Qc3 f6 ({Inferior is} 41... Ra2 42. Nd2) 42. Qe1 $2 (42. Ne1) 42... Qb3 {[%emt 0:03:05] Hoping for ...Ra2.} 43. Nxh4 Nxh4 44. Qxh4 Qxe3 {[%emt 0:00:00] Strongly threatening ...Ra2.} 45. Nf3 Qf4+ 46. Qxf4 exf4 {[%emt 0:00:00][%mdl 4096] Endgame KRB-KBN} 47. e5 (47. Kg1 $142) 47... Re8 (47... Ra4 $142 48. h4 Rxb4) 48. h4 $2 (48. exf6+ {was forced.} Kxf6 49. Nd4) 48... fxe5 {[%emt 0:00:00][%cal Bf6e5,Be5e4][%mdl 32] Black is clearly winning.} 49. Bh3 (49. Nd2 $142 Rh8 50. Bf3) 49... Bxh3 50. Kxh3 {[%emt 0:00:00] KR-KN} Kf6 51. Kg4 e4 52. Ng5 f3 53. d7 Rg8 54. Kf4 Ke7 {[%emt 0:00:00] ( -> ...f2)} 55. Nxe4 Rf8+ 56. Ke3 Kxd7 57. Nf2 Ke6 58. h5 Kd5 59. Ng4 {[%emt 0:02:30] Weighted Error Value: White=0.84/Black=0.32} 0-1

[Event "34th GER-ch Seniors-65 2022"]
[Site "Magdeburg"]
[Date "2022.08.18"]
[Round "7.11"]
[White "Syre, Christian"]
[Black "Vasiljev, Jurij"]
[Result "1/2-1/2"]
[ECO "E54"]
[WhiteElo "2243"]
[BlackElo "1999"]
[Annotator "TA"]
[PlyCount "53"]
[EventDate "2022.08.12"]
[EventType "swiss"]
[EventCountry "GER"]
[SourceTitle "playchess.com"]
[Source "ChessBase"]
[SourceQuality "1"]
[TimeControl "40/5400+30:1800+30"]

1. c4 c6 2. e4 d5 3. exd5 cxd5 4. d4 Nf6 5. Nc3 e6 6. Nf3 Nc6 7. Bd3 dxc4 8. Bxc4 a6 {[%emt 0:03:06] E54: Nimzo-Indian: Rubinstein: Main Line: 7...dxc4 8 Bxc4.} 9. O-O $1 b5 {[%emt 0:01:05] [#]} 10. d5 $146 ({Predecessor:} 10. Bd3 Be7 11. a4 b4 12. Ne4 Bb7 13. Be3 Qd5 14. Nc5 Bxc5 15. dxc5 Rd8 16. Be2 Qf5 17. Qc1 O-O 18. Qb1 Qxb1 19. Rfxb1 {½-½ (33) Molema,W-De,G (2352) ICCF email 2020}) 10... exd5 (10... Nxd5 $2 11. Bxd5 exd5 12. Re1+ (12. Qxd5 Qxd5 13. Nxd5 Bd6 $14) (12. Nxd5 Be6 $14) 12... Be7 13. Qxd5 $16) (10... Nb4 $5 11. Bb3 (11. dxe6 Qxd1 12. exf7+ Ke7 $17) 11... Nbxd5 $11) 11. Bxd5 Nxd5 12. Qxd5 Bb7 (12... Qxd5 $14 13. Nxd5 Bd6) 13. Re1+ Be7 14. Bg5 (14. Nd4 $18 Na5 15. Qxd8+ Rxd8 16. Nf5) 14... f6 $16 15. Bf4 {[%emt 0:33:19] 0x0.00144ecafeb0dp-1022s more active pieces. The black rooks are badly placed.} (15. Nd4 $16 Qd7 16. Bxf6) 15... Qxd5 $11 {[%emt 0:00:48] The position is equal.} 16. Nxd5 Kf7 17. Rac1 Rae8 18. Nxe7 Rxe7 19. Rxe7+ Kxe7 20. Kf1 Rc8 21. Re1+ Kf7 22. Bd6 Rd8 23. Bc5 Rd7 24. Ke2 Rd5 25. Rc1 a5 26. Bb6 Ke6 27. Rd1 {[%emt 0:12:28] Weighted Error Value: White=0.20 (precise) /Black=0.15 (very precise)} 1/2-1/2

[Event "34th GER-ch Seniors-65 2022"]
[Site "Magdeburg"]
[Date "2022.08.19"]
[Round "8.1"]
[White "Buchal, Stephan"]
[Black "Boidman, Yuri"]
[Result "1/2-1/2"]
[ECO "A11"]
[WhiteElo "2230"]
[BlackElo "2286"]
[Annotator "TA"]
[PlyCount "138"]
[EventDate "2022.08.12"]
[EventType "swiss"]
[EventCountry "GER"]
[SourceTitle "playchess.com"]
[Source "ChessBase"]
[SourceQuality "1"]
[TimeControl "40/5400+30:1800+30"]

1. c4 c6 2. g3 d5 3. Nf3 Nf6 4. Bg2 Bf5 5. O-O e6 6. cxd5 cxd5 7. Qb3 Qb6 8. Qxb6 axb6 9. d3 Nc6 10. Nc3 Bc5 11. Bf4 O-O {[%emt 0:02:48] A11: English Opening: 1...c6.} 12. Nh4 Bg4 (12... d4 $5 13. Nb5 Bg4 $11) 13. h3 $1 Bh5 {[%emt 0:00:30] White is slightly better.} 14. g4 Bg6 15. Rfc1 {[%emt 0:03:45] [#]} Rfc8 $146 ({Predecessor:} 15... Ra6 16. a3 Rfa8 17. Rab1 Nd4 18. Nxg6 hxg6 19. e3 Nb3 20. Rc2 Rc8 21. Ne2 Re8 {1-0 (43) Gourlay,I (2363)-Broom,M (2189) Birmingham 2006}) 16. Kf1 d4 (16... Ne8 $11) 17. Nb5 $16 e5 18. Nxg6 hxg6 19. Bd2 Rd8 20. a3 (20. a4 $142) 20... Rac8 21. Rc2 Nd5 22. Rac1 Rb8 23. Be4 Bf8 24. Kg2 Rd7 25. g5 f5 26. Bf3 ({Reject} 26. gxf6 gxf6 27. h4 f5 $11) 26... Be7 27. h4 Kf7 28. e4 (28. b4 $16) 28... dxe3 $1 $11 29. fxe3 Bc5 (29... Rh8 $11 30. e4 Nf4+ 31. Bxf4 exf4) 30. Re1 $1 $16 Rh8 31. d4 Be7 (31... exd4 32. exd4 Nxd4 33. Nxd4 Bxd4 34. Bxd5+ Rxd5 35. Rc7+ Kg8 36. h5 Bxb2 37. Bb4) 32. Bxd5+ (32. dxe5 $1 $14 Nxe5 33. e4 fxe4 34. Rxe4 Nxf3 35. Kxf3) 32... Rxd5 $15 33. Nc3 Rd7 34. d5 Na5 35. Kg3 e4 36. Rd1 ({Better is} 36. Re2 $15) 36... Bd6+ 37. Kh3 Rdd8 (37... Be5 $15 {stays ahead.} 38. Be1 Nc4) 38. Be1 $1 $16 {[%emt 0:00:57] And now Nb5 would win.} Be7 {[%emt 0:01:23] [#]} (38... Nb3 $16 {might work better.}) 39. Kg2 $2 (39. Nb5 $1 $18) 39... Nc4 $11 40. Bf2 {[%emt 0:00:26] [#]} (40. Re2 $15) 40... Ne5 $2 (40... Rxh4 $1 $19 41. Nb5 (41. Ne2 Rg4+) 41... Rg4+ 42. Kf1 Nd6) 41. Bg3 Ng4 42. Re2 {[%emt 0:03:23] Hoping for d6.} Bc5 43. Bf4 Rxh4 {[%emt 0:01:49] ...Rdh8 is the strong threat.} 44. b4 Bd6 45. Bxd6 Rxd6 46. Kg3 {[%emt 0:02:43] Against Rh2} Rh5 {[%emt 0:01:13] aiming for ...Ne5.} 47. Nxe4 Rd7 {[%emt 0:00:46] Strongly threatening ...Ne5.} 48. Kf4 {[%emt 0:01:04] Against Ne5} Nf6 49. Nxf6 {[%emt 0:05:27] Active counter play!} gxf6 50. gxf6 {[%emt 0:00:38][%mdl 4096] Endgame KRR-KRR} Rh4+ (50... Kxf6 $15 51. e4 fxe4) 51. Kf3 {[%emt 0:01:05] The position is equal.} Re4 52. Rc2 Kxf6 53. Rc8 Re5 54. d6 Re6 55. Rc7 Rdxd6 56. Rxd6 Rxd6 57. Rxb7 {[%emt 0:00:03] KR-KR} g5 58. Rb8 Re6 59. a4 g4+ 60. Kf2 Rc6 61. a5 bxa5 62. bxa5 {[%emt 0:00:01] Rb6 would kill now.} Rc2+ 63. Kg3 Rc3 64. Kf2 Rc2+ 65. Kg3 Re2 66. Re8 Kf7 67. Re5 Kg6 (67... Kf6 $5 68. Re8 Ra2 $11) 68. Re8 Kf7 69. Re5 Kf6 {[%emt 0:00:44] Weighted Error Value: White=0.25 (precise) /Black=0.29 (precise)} 1/2-1/2

[Event "34th GER-ch Seniors-65 2022"]
[Site "Magdeburg"]
[Date "2022.08.19"]
[Round "8.2"]
[White "Polster, Wolfgang"]
[Black "Klundt, Klaus"]
[Result "1/2-1/2"]
[ECO "B49"]
[WhiteElo "2237"]
[BlackElo "2288"]
[Annotator "TA"]
[PlyCount "79"]
[EventDate "2022.08.12"]
[EventType "swiss"]
[EventCountry "GER"]
[SourceTitle "playchess.com"]
[Source "ChessBase"]
[SourceQuality "1"]
[TimeControl "40/5400+30:1800+30"]

1. e4 c5 2. Nf3 e6 3. d4 cxd4 4. Nxd4 Nc6 5. Nc3 Qc7 6. Be2 a6 7. O-O Nf6 8. Be3 Bb4 9. Na4 Be7 10. Nxc6 bxc6 11. Nb6 Rb8 12. Nxc8 Qxc8 13. e5 Nd5 14. Bc1 Bc5 15. Qd3 {[%emt 0:00:00] B49: Sicilian: Taimanov: 5 Nc3 Qc7 6 Be3 a6 7 Be2.} (15. c4 $5 Ne7 16. b3 $14) 15... Qc7 16. Qe4 {[%emt 0:00:00] [#]} d6 $146 ({Predecessor:} 16... a5 17. a3 O-O 18. Bd3 f5 19. Qc4 Qa7 20. c3 Ne7 21. Bc2 Ng6 22. Qe2 a4 {1-0 (69) Corrales Jimenez,F (2586)-Quesada Perez,Y (2590) Las Tunas 2009}) 17. Qg4 {[%emt 0:00:00] White is slightly better.} O-O 18. c4 Ne7 19. exd6 (19. Bh6 Nf5 20. Bg5 Rxb2 21. exd6 Qxd6 $17) 19... Bxd6 20. g3 Be5 21. Rb1 c5 22. Bf3 Nf5 23. Re1 (23. Qe4 $11) 23... Nd4 $17 {[%emt 0:00:00] Hoping for ...f5.} 24. Bd1 (24. Qe4 $17 {might work better.}) 24... f5 $19 25. Qh3 {[%emt 0:00:00] [#]} Bf6 ({Black should play} 25... Qa5 $1 $19 26. Qf1 (26. Rxe5 $2 Qxa2 27. Qf1 Qxb1 $19) 26... Qxa2) 26. Bd2 $15 e5 27. f3 {[%emt 0:00:00] Against e4} Rbe8 28. Qg2 Qc6 29. Kh1 Re6 30. b4 cxb4 31. Bxb4 Rb8 {[%emt 0:00:00] White must now prevent ...a5.} ({Don't take} 31... Qxc4 32. Bxf8 (32. Bb3 Nxb3 33. Bxf8 Nd4 $11) 32... Kxf8 33. g4 $16 (33. Bb3 Nxb3 34. Rxb3 h5 $16)) 32. Rb2 $1 e4 33. fxe4 Rxe4 (33... Qxc4 {is more complex.} 34. Bc3 Rxb2 35. Bxb2 Rxe4 36. Rxe4 fxe4 37. Qh3 e3) 34. Rxe4 fxe4 35. Ba3 (35. Bc3 $11 {remains equal.} Rxb2 36. Bxb2) 35... Rxb2 (35... Rd8 $17 {aiming for ...Nf3.} 36. Rb1 Qxc4) 36. Bxb2 $11 Qxc4 {[%emt 0:00:00] Strongly threatening ...Qd3.} 37. Bxd4 {[%emt 0:00:00][%mdl 64] Remove Defender} Qxd4 38. Bb3+ Kf8 39. Qc2 Bd8 40. Kg2 {[%emt 0:00:57] Weighted Error Value: White=0.20 (precise) /Black=0.17 (very precise)} 1/2-1/2

[Event "34th GER-ch Seniors-65 2022"]
[Site "Magdeburg"]
[Date "2022.08.19"]
[Round "8.4"]
[White "Pueschel, Werner"]
[Black "Vatter, Hans-Joachim"]
[Result "0-1"]
[ECO "A00"]
[WhiteElo "2034"]
[BlackElo "2186"]
[Annotator "TA"]
[PlyCount "82"]
[EventDate "2022.08.12"]
[EventType "swiss"]
[EventCountry "GER"]
[SourceTitle "playchess.com"]
[Source "ChessBase"]
[SourceQuality "1"]
[TimeControl "40/5400+30:1800+30"]

1. a3 g6 2. g3 Bg7 3. Bg2 d5 4. Nf3 e5 5. d3 c6 6. Nbd2 {[%emt 0:02:01] A00: Irregular Openings.} a5 7. O-O Ne7 8. c4 {[%emt 0:03:04] The position is equal.} O-O 9. Qc2 h6 10. Rb1 a4 {[%emt 0:01:10] [#]} 11. b4 $146 ({Predecessor:} 11. e4 Be6 12. b3 axb3 13. Rxb3 Ra7 14. Re1 Nd7 15. exd5 cxd5 16. Rb5 Qc7 17. Bb2 {0-1 (26) Knudsen,P (2355)-Fries Nielsen,J (2320) Aarhus 1981}) 11... axb3 12. Rxb3 d4 13. e3 dxe3 14. fxe3 Na6 15. Ne4 {[%emt 0:04:24] Prevents Nc5.} f5 16. Nf2 Nc5 17. Rb1 Ne6 18. Rd1 c5 (18... f4 $17 19. g4 g5) 19. Bb2 Nc6 20. Bc1 Rf7 21. Nd2 h5 22. Nb3 (22. Bd5 $11) 22... h4 $15 23. Bd5 hxg3 24. hxg3 Qd6 25. Kg2 (25. Nh3 $15) 25... Ne7 $19 26. e4 (26. Bxe6 $17 Qxe6 27. Kg1) 26... f4 {[%emt 0:01:09] aiming for ...fxg3.} 27. Rh1 {[%emt 0:03:03] [#]} Kf8 ({Black should try} 27... fxg3 $1 $19 28. Kxg3 Nxd5 29. cxd5 Nd4 30. Nxd4 exd4+ 31. Kg2 Be5) 28. Qd1 fxg3 29. Kxg3 (29. Bxe6 $17 Bxe6 30. Nh3) 29... Rf4 $2 {[%emt 0:00:13] Really sharp!} 30. Nh3 $11 Bh6 $2 (30... Nxd5 $2 31. cxd5 c4 32. dxe6 $18) (30... Rf6 $1 $11) 31. Nxf4 $18 Bxf4+ 32. Kg2 Bxc1 33. Nxc1 $2 ({Not} 33. Rxc1 Nf4+ 34. Kf2 Qf6 $15) (33. Bxe6 $18 {Strongly threatening Rh8+.} Bf4 34. Bxc8 Rxc8 35. Qf3) 33... Nf4+ $11 34. Kg1 $2 (34. Kf2 $11 {and White has nothing to worry.}) 34... Qf6 $19 35. Qf3 Rxa3 $2 (35... Nfxd5 $19 36. Qxf6+ Nxf6) 36. Kf2 (36. Bxb7 $11 Bxb7 37. Rxb7) 36... Rc3 {[%emt 0:00:00][%cal Oc8g4] [#] White must now prevent ...Bg4!} 37. Ke3 $2 (37. Ke1 Nxd3+ 38. Qxd3 Rxd3 39. Nxd3) 37... Rc2 38. Rg1 {[%emt 0:00:43] Prevents Ng2+.} Qh4 {[%emt 0:00:00][%cal Oe7f5] ( -> ...Nf5+!)} 39. Qg3 Qh6 {[%emt 0:00:00] Black mates.} 40. Qg5 Qh2 41. Qf6+ Ke8 {[%emt 0:00:00] Black used his chance.  Weighted Error Value: White=0.84/Black=0.33} 0-1

[Event "34th GER-ch Seniors-65 2022"]
[Site "Magdeburg"]
[Date "2022.08.19"]
[Round "8.6"]
[White "Glienke, Manfred"]
[Black "Matthey, Harald"]
[Result "1-0"]
[ECO "A41"]
[WhiteElo "2205"]
[BlackElo "2062"]
[Annotator "TA"]
[PlyCount "67"]
[EventDate "2022.08.12"]
[EventType "swiss"]
[EventCountry "GER"]
[SourceTitle "playchess.com"]
[Source "ChessBase"]
[SourceQuality "1"]
[TimeControl "40/5400+30:1800+30"]

1. d4 d6 2. Nf3 Bg4 3. Nbd2 Nd7 4. h3 Bh5 5. e4 e6 6. Bd3 {[%emt 0:04:37] A41: 1 d4 d6: Tartakower System and Modern Defence.} Be7 7. c3 {[%emt 0:00:57] [#]} h6 $146 ({Predecessor:} 7... c6 8. Qe2 Bg6 9. a4 Qc7 10. a5 Ngf6 11. Nh4 O-O 12. Nxg6 hxg6 13. O-O e5 {0-1 (52) Peng,L (2498)-Petrosian,T (2573) Warsaw 2021}) 8. Nf1 {[%emt 0:04:27] White is slightly better.} Bg5 9. Ng3 Bxf3 10. Qxf3 Bxc1 11. Rxc1 Ngf6 12. O-O O-O 13. Qe3 ({Better is} 13. Rce1 $14) 13... c6 {[%emt 0:04:39] [#]} (13... c5 $11 {remains equal.}) 14. f4 $1 $16 Re8 15. e5 Nd5 16. Qd2 (16. Qe4 f5 17. exf6 (17. Nxf5 exf5 18. Qxf5 Nf8 $15) 17... N5xf6) 16... c5 {[%emt 0:17:54] [#]} 17. Ne4 $1 (17. exd6 $6 cxd4 18. cxd4 N7f6 $11) 17... dxe5 18. dxe5 ({Don't play} 18. fxe5 cxd4 19. cxd4 Rf8 $16) 18... Qb6 19. Bc4 Qc6 20. Nd6 Re7 21. Rcd1 N5b6 22. Bb5 Qc7 23. Qe2 a6 24. Bd3 Nf8 25. Be4 Rb8 26. Rf3 Nc8 (26... Ng6 $142 27. c4 Nd7) 27. c4 $2 (27. Rg3 $18 {and the rest is easy.}) 27... Rd7 28. Rfd3 $36 {[%emt 0:01:18][%mdl 2048] And now Ne8 would win. White is in control. White is much more active.} f5 29. Bf3 Na7 30. Qf2 b5 31. b3 bxc4 (31... Rbd8 $16 {was called for.} 32. Qe3 bxc4 33. bxc4 (33. Nxc4 Rxd3 34. Rxd3 Rxd3 $14) 33... Nc8) 32. bxc4 $18 ({Resist} 32. Nxc4 $6 Rxd3 33. Rxd3 Nb5 $16) 32... Rb4 $2 (32... Kh8 33. Bh5 Re7) 33. g4 g6 (33... fxg4 34. hxg4 Rb6) 34. Ne8 {[%emt 0:00:14] Weighted Error Value: White=0.25 (precise) /Black=0.29 (precise)} 1-0